AoeStats
← Princesa de la FIFA

African Clearing

506561915Analyzed
4v4 RM · 19d ago on Sep 14, 2026· 70m 59s· 8 players
Game mode
Random Map
Map size
Large (8 player)
Population
200
Speed
Normal
Resources
Standard
Victory
Conquest
Starting age
Dark Age
Ending age
Imperial Age
RankedLock teamsTeams togetherTeam positionsShared explorationLock speedFull tech treeHidden civsTurbo modeCheats
Victory
Defeat
🇦🇷 Hindustanis · Argentina
1306
+18
🇲🇽 Mongols · Mexico
1284
+19
🇺🇸 Malians · United States
1273
+19
🇨🇦 Magyars · Canada
1224
+21
🇲🇽 Khitans · Mexico
1424
-22
🇲🇽 Vikings · Mexico
1381
-21
🇪🇨 Malay · Ecuador
1343
-19
🇦🇷 Gurjaras · Argentina
1231
-15
Seifer
5:02 Loom
10:28 Feudal Age
11:02 Double-Bit Axe
14:07 Town Watch
16:51 Castle Age
16:20 Horse Collar
17:51 Bow Saw
18:44 Heavy Plow
23:01 Wheelbarrow
24:31 Gold Mining
25:24 Bloodlines
25:45 Husbandry
26:42 Scale Barding Armor
27:20 Forging
28:25 Chain Barding Armor
28:26 Hand Cart
31:17 Forging
32:02 Chain Barding Armor
33:55 Iron Casting
37:57 Imperial Age
37:41 Gold Shaft Mining
37:00 Stone Mining
38:38 Stone Shaft Mining
38:29 Ballistics
38:05 Heavy Scorpion
39:48 Blast Furnace
38:16 Heavy Camel Rider
38:59 Elite Steppe Lancer
40:37 Fletching
43:01 Bodkin Arrow
44:14 Chemistry
43:42 Masonry
43:46 Murder Holes
49:41 Bracer
49:46 Padded Archer Armor
55:42 Leather Archer Armor
56:02 Conscription
57:13 Hoardings
56:50 Elite Mangudai
58:49 Thumb Ring
59:10 Parthian Tactics
59:37 Light Cavalry
60:14 Elite Mangudai
60:42 Hussar
Alarich1000
3:08 Loom
14:21 Feudal Age
18:44 Double-Bit Axe
18:43 Horse Collar
24:20 Castle Age
22:49 Town Watch
23:39 Wheelbarrow
24:12 Forging
24:07 Scale Barding Armor
24:13 Bloodlines
25:27 Squires
25:42 Bow Saw
26:01 Heavy Plow
28:44 Hand Cart
29:55 Husbandry
33:34 Iron Casting
37:26 Imperial Age
35:07 Gold Mining
35:28 Stone Mining
37:51 Chain Barding Armor
38:07 Farimba
37:30 Heavy Camel Rider
39:06 Plate Barding Armor
39:03 Crop Rotation
38:44 Cavalier
40:08 Gold Shaft Mining
40:08 Stone Shaft Mining
39:03 Light Cavalry
39:10 Man-at-Arms
39:35 Arson
40:09 Town Patrol
40:55 Conscription
40:31 Long Swordsman
43:15 Two-Handed Swordsman
43:17 Pikeman
44:05 Scale Mail Armor
44:59 Fortified Wall
45:10 Ballistics
45:51 Chemistry
44:25 Champion
45:59 Chain Mail Armor
45:35 Fletching
45:45 Padded Archer Armor
46:46 Elite Gbeto
48:28 Plate Mail Armor
47:53 Bodkin Arrow
48:14 Leather Archer Armor
51:17 Treadmill Crane
51:48 Masonry
51:33 Murder Holes
51:31 Guard Tower
62:38 Caravan
67:06 Architecture
66:27 Heated Shot
67:13 Keep
MrDumpem
6:09 Loom
6:18 Loom
14:30 Feudal Age
20:32 Castle Age
18:48 Double-Bit Axe
18:59 Horse Collar
19:36 Stone Mining
21:52 Bow Saw
26:45 Corvinian Army
27:06 Heavy Plow
27:17 Pikeman
30:14 Wheelbarrow
32:23 Scale Barding Armor
33:31 Hand Cart
36:39 Imperial Age
36:13 Chain Barding Armor
36:25 Scale Mail Armor
37:45 Conscription
37:43 Bloodlines
37:33 Husbandry
38:16 Plate Barding Armor
37:54 Gold Mining
38:57 Elite Magyar Huszar
39:36 Town Watch
45:32 Chain Mail Armor
49:19 Halberdier
49:45 Arson
53:50 Crop Rotation
54:23 Two-Man Saw
felixaleman1010
11:39 Loom
14:21 Feudal Age
15:19 Double-Bit Axe
17:28 Bloodlines
17:39 Scale Barding Armor
17:44 Forging
20:13 Castle Age
25:55 Chain Barding Armor
26:10 Iron Casting
25:53 Husbandry
29:54 Iron Casting
34:00 Fletching
34:29 Town Watch
39:56 Wheelbarrow
39:18 Bodkin Arrow
40:19 Scale Mail Armor
42:52 Imperial Age
41:18 Hand Cart
43:29 Chain Mail Armor
44:13 Conscription
43:55 Horse Collar
44:27 Bow Saw
45:26 Blast Furnace
45:04 Heavy Camel Rider
45:22 Elite Ghulam
46:57 Plate Barding Armor
46:50 Bracer
46:51 Padded Archer Armor
47:20 Imperial Camel Rider
47:21 Light Cavalry
48:05 Pikeman
48:45 Squires
48:32 Arson
51:43 Leather Archer Armor
51:33 Grand Trunk Road
52:11 Elite Skirmisher
52:56 Thumb Ring
54:20 Man-at-Arms
55:35 Ring Archer Armor
54:55 Long Swordsman
56:46 Ballistics
56:22 Murder Holes
57:28 Chemistry
56:30 Hussar
57:06 Siege Elephant
68:28 Masonry
68:20 Shatagni
67:45 Crossbowman
68:30 Thumb Ring
Princesa de la FIFA
8:41 Loom
11:26 Feudal Age
13:22 Fletching
13:44 Forging
15:57 Double-Bit Axe
19:04 Domestication
25:17 Castle Age
24:11 Scale Barding Armor
25:40 Gold Mining
26:38 Iron Casting
31:25 Bow Saw
32:48 Wheelbarrow
33:19 Chain Barding Armor
42:52 Hand Cart
42:27 Town Watch
49:01 Imperial Age
47:15 Ballistics
47:54 Fletching
48:04 Padded Archer Armor
50:38 Imperial Age
48:31 Bodkin Arrow
48:10 Heavy Cavalry Archer
48:56 Thumb Ring
49:01 Pastoralism
50:01 Leather Archer Armor
49:57 Stone Mining
51:34 Bracer
52:04 Ring Archer Armor
51:57 Conscription
51:26 Heavy Camel Rider
52:59 Parthian Tactics
52:39 Husbandry
54:10 Plate Barding Armor
54:34 Ordo Cavalry
56:52 Chemistry
55:32 Treadmill Crane
63:44 Light Cavalry
69:10 Hussar
BP | ham.io
3:28 Loom
12:37 Feudal Age
18:11 Castle Age
17:15 Scale Mail Armor
17:10 Double-Bit Axe
17:49 Horse Collar
18:46 Gambesons
21:17 Man-at-Arms
21:46 Arson
25:08 Long Swordsman
26:30 Bow Saw
27:25 Forging
27:31 Chain Mail Armor
28:13 Fishing Lines
29:49 Gillnets
30:52 Stone Mining
30:53 Gold Mining
36:26 Imperial Age
35:17 Chieftains
35:17 Pikeman
36:13 Town Watch
37:55 Iron Casting
37:50 Plate Mail Armor
37:55 Iron Casting
37:50 Plate Mail Armor
37:45 Conscription
37:26 Fletching
37:48 Squires
38:21 Plate Mail Armor
38:26 Coinage
41:12 Chemistry
40:33 Ballistics
41:29 Blast Furnace
43:43 Two-Man Saw
43:36 Bogsveigar
43:04 Elite Berserk
47:08 Heavy Plow
49:13 Masonry
50:07 Gold Shaft Mining
53:42 Fletching
53:52 Padded Archer Armor
54:27 Crossbowman
55:35 Bodkin Arrow
55:55 Long Swordsman
56:37 Bracer
56:52 Leather Archer Armor
56:52 Arbalester
60:41 Hoardings
68:28 Two-Handed Swordsman
MANITAS DE TEMU
3:35 Loom
14:41 Feudal Age
21:18 Castle Age
19:52 Double-Bit Axe
23:20 Town Watch
23:20 Horse Collar
23:54 Bow Saw
31:21 Fishing Lines
31:56 Forging
34:56 Wheelbarrow
34:22 Town Patrol
34:58 Heavy Plow
37:45 Imperial Age
36:17 Iron Casting
36:34 Gillnets
36:44 Pikeman
37:25 Squires
37:10 Arson
37:30 Squires
37:39 Squires
37:03 Elite Karambit Warrior
38:58 Gold Mining
38:59 Stone Mining
38:58 Halberdier
41:00 Blast Furnace
43:51 Conscription
43:02 Sappers
44:59 Hand Cart
44:11 Man-at-Arms
45:00 Forced Levy
44:50 Long Swordsman
46:19 Two-Handed Swordsman
55:43 Crop Rotation
BP | ZoldyckF
8:09 Loom
13:08 Feudal Age
13:48 Double-Bit Axe
14:44 Horse Collar
16:50 Forging
24:47 Castle Age
24:29 Gold Mining
24:53 Bloodlines
25:00 Scale Barding Armor
25:00 Stone Mining
25:46 Husbandry
26:50 Chain Barding Armor
27:27 Bow Saw
33:36 Wheelbarrow
34:19 Town Watch
35:13 Iron Casting
34:53 Heavy Plow
42:10 Imperial Age
41:51 Light Cavalry
42:13 Heavy Camel Rider
44:09 Plate Barding Armor
43:46 Hussar
45:44 Fletching
46:29 Bodkin Arrow
47:53 Hand Cart
48:11 Ballistics
50:08 Gold Shaft Mining
55:14 Chemistry
54:25 Masonry
55:05 Padded Archer Armor
64:42 Leather Archer Armor
70:01 Bracer
Connection lost

Rejoining the realm…

Still unreachable

The connection could not be restored.

Session expired

The server has moved on; the page needs a fresh start.